 Dungeon Crawl Stone Soup version 0.25.1-2-g60ff931df9 (webtiles) character file.

Game seed: 7670190751435615108

6652 Peloso the Carver (level 10, -3/90 HPs)
             Began as a Minotaur Fighter on July 31, 2020.
             Was a High Priest of Okawaru.
             Slain by an orc warrior
             ... wielding a +0 glaive
              (14 damage)
             ... in a bailey.
             The game lasted 00:20:07 (10719 turns).

Peloso the Carver (Minotaur Fighter)               Turns: 10719, Time: 00:20:07

Health: -3/90      AC: 15    Str: 23    XL:     10   Next: 73%
Magic:  4/9        EV:  7    Int:  5    God:    Okawaru [*****.]
Gold:   3309       SH: 12    Dex: 11    Spells: 9/9 levels left

rFire    . . .     SeeInvis .   a - +3 falchion (freeze)
rCold    . . .     Gourm    .   c - +0 kite shield
rNeg     . . .     Faith    +   Q - +0 plate armour
rPois    .         Spirit   .   (helmet restricted)
rElec    .         Reflect  .   (no cloak)
rCorr    .         Harm     .   t - +0 pair of gloves
MR       .....                  (no boots)
Stlth    ..........             B - amulet of faith
HPRegen  0.25/turn              (no ring)
MPRegen  0.11/turn              (no ring)

@: mighty
A: retaliatory headbutt, horns 2
a: Heroism, Finesse, Renounce Religion


You were in a bailey.
You worshipped Okawaru.
Okawaru was extremely pleased with you.
You were not hungry.

You visited 1 branch of the dungeon, and saw 10 of its levels.
You also visited: Bailey.

You collected 3309 gold pieces.

Inventory:

Hand Weapons
 a - a +3 falchion of freezing (weapon)
 b - a +2 whip of flaming
 R - the +7 quarterstaff of Sloth {freeze, +Inv rF+ Str-2 Stlth+, unknown}
   (You found it on level 9 of the Dungeon)

   It has been specially enchanted to freeze those struck by it, causing extra
   injury to most foes and up to half again as much damage against particularly
   susceptible opponents.
   It can also slow down cold-blooded creatures.
   It affects your strength (-2).
   It protects you from fire.
   It lets you turn invisible.
   It makes you more stealthy.
Missiles
 y - 32 bolts
Armour
 c - a +0 kite shield (worn)
 i - a +0 scale mail
 s - a +0 chain mail
 t - a +0 pair of gloves (worn)
 Q - a +0 plate armour (worn)
Jewellery
 l - an uncursed amulet of the acrobat
 B - an amulet of faith (around neck)
Wands
 v - a wand of flame (45)
 A - a wand of disintegration (10)
 C - a wand of enslavement (7)
 I - a wand of iceblast (7)
 K - a wand of polymorph (13)
 L - a wand of acid (10)
 M - a wand of random effects (19)
Scrolls
 e - 2 scrolls of identify
 g - 3 scrolls of fear
 h - 5 scrolls of enchant weapon
 o - a scroll of immolation {unknown}
 r - 2 scrolls of remove curse
 z - a scroll of amnesia
 F - 3 scrolls of teleportation
 O - a scroll of brand weapon {unknown}
 P - a scroll of blinking {unknown}
Potions
 d - a potion of might
 j - 4 potions of resistance
 k - 2 potions of cancellation
 m - 4 potions of haste
 n - 2 potions of invisibility
 p - a potion of heal wounds
 q - 3 potions of mutation {unknown}
 u - a potion of stabbing
 w - a potion of brilliance {unknown}
 x - 3 potions of lignification {unknown}
 D - 6 potions of curing {unknown}
 E - 2 potions of degeneration {unknown}
 G - a potion of magic {unknown}
 H - a potion of ambrosia {unknown}
 N - 2 potions of flight {unknown}
 S - a potion of berserk rage
Comestibles
 f - 24 rations


   Skills:
 + Level 8.7 Fighting
 + Level 12.1 Long Blades
 + Level 9.2 Armour
 + Level 3.2 Dodging
 + Level 1.6 Stealth
 + Level 9.7 Shields
 + Level 1.3 Invocations


You had 9 spell levels left.
You didn't know any spells.
Your spell library was empty.

Dungeon Overview and Level Annotations

Branches:
Dungeon (10/15)            Temple (0/1) D:5          Bailey (1/1)
   Lair: D:8-11         Orc: D:9-12

Altars:
Dithmenos
Gozag
Hepliaklqana
Kikubaaqudgha
Nemelex Xobeh
Okawaru
Qazlal
Trog
Xom

Annotations:
D:6 Prince Ribbit
D:8 3 runed translucent doors, flt's ghost, novice OgHu


Innate Abilities, Weirdness & Mutations

You reflexively headbutt those who attack you in melee.
You have a pair of horns on your head.


Message History

* * * LOW HITPOINT WARNING * * *
The orc warrior closely misses you.
The orc knight roars a battlecry!
Unknown command.
You slash the orc knight! You freeze the orc knight.
You kill the orc knight!
Okawaru is honoured by your kill. The orc warrior barely misses you.
You block the orc warrior's attack.
The orc warrior hits you from afar with a +0 glaive!
* * * LOW HITPOINT WARNING * * *
You block the orc warrior's attack.
As you read the scroll of fear, it crumbles to dust.
You assume a fearsome visage.
The orc warrior looks frightened! x2
The orc knight looks frightened!
The orc warrior looks frightened!
The orc warrior resists with some effort.
The orc knight reads a scroll.
Wisps of shadow swirl around the orc knight.
The gnoll shouts! x5
The orc warrior hits you from afar with a +0 glaive!
You die...

####### #######
##.....#########.....###.
##.......#.....#o...o.g'..
)#)......'.....'....g..g..
)))......'))...'...)g.gg.o
.#).....))))...'@.ogg.g'..
##.......#))...#......ogg.
##.....#########.....###.
####### #######


You could see 4 orc warriors and 10 gnolls.

Vanquished Creatures
  A centaur warrior (D:10)
  Pikel (D:6)
  An orc knight (Bailey)
  A centaur zombie (D:10)
  A hornet (D:8)
  Menkaure (D:6)
  Edmund (D:5)
  2 soldier ants (D:8)
  Duvessa (D:5)
  3 slaves (D:6)
  An ice beast (D:9)
  8 orc warriors
  A black bear (D:8)
  An eye of draining (D:10)
  3 ogres
  A centaur (D:6)
  A big kobold (D:10)
  A crocodile (D:9)
  5 bullfrogs
  Dowan (D:5)
  2 water moccasin skeletons
  5 scorpions
  4 killer bees (D:9)
  9 wights
  4 howler monkeys
  4 crimson imps
  A quasit (D:6)
  3 hounds (D:5)
  A bullfrog skeleton (D:8)
  4 orc priests
  3 iguanas
  5 worker ants
  Natasha (D:3)
  9 orc wizards
  2 hound skeletons
  A hound zombie (D:7)
  A worker ant zombie (D:6)
  6 adders
  A shadow imp (D:5)
  An ooze (D:1)
  An adder zombie (D:9)
  2 adder skeletons
  8 worms
  A dart slug (D:4)
  3 leopard geckos
  66 orcs
  5 giant cockroaches
  7 goblins
  9 hobgoblins
  12 jackals
  6 kobolds
  4 quokkas
  2 ball pythons
  3 bats (D:2)
  6 frilled lizards
  A quokka skeleton (D:5)
  11 rats
250 creatures vanquished.

Vanquished Creatures (others)
  A slave (D:6)
  Blork the orc (D:6)
  2 plants (D:8)
4 creatures vanquished.

Grand Total: 254 creatures vanquished

Notes
Turn   | Place    | Note
-------+----------+-------------------------------------------
     0 | D:1      | Peloso the Minotaur Fighter began the quest for the Orb.
     0 | D:1      | Reached XP level 1. HP: 19/19 MP: 0/0
   354 | D:1      | Reached XP level 2. HP: 27/27 MP: 1/1
  1104 | D:2      | Reached skill level 3 in Long Blades
  1328 | D:2      | Reached XP level 3. HP: 33/33 MP: 2/2
  1903 | D:2      | Reached XP level 4. HP: 24/40 MP: 3/3
  2090 | D:2      | Found an iron altar of Okawaru.
  2107 | D:2      | Became a worshipper of Warmaster Okawaru
  3019 | D:3      | Noticed Natasha
  3025 | D:3      | Killed Natasha
  3025 | D:3      | Reached skill level 4 in Long Blades
  3025 | D:3      | Reached XP level 5. HP: 33/47 MP: 4/4
  3339 | D:3      | Found a bloodstained altar of Trog.
  3528 | D:4      | Reached skill level 5 in Armour
  3812 | D:4      | Reached skill level 5 in Long Blades
  3836 | D:4      | Reached XP level 6. HP: 53/53 MP: 5/5
  4383 | D:5      | Entered Level 5 of the Dungeon
  4412 | D:5      | Reached skill level 1 in Dodging
  4439 | D:5      | Found an ancient bone altar of Kikubaaqudgha.
  4481 | D:5      | Found a staircase to the Ecumenical Temple.
  4496 | D:5      | Reached skill level 6 in Long Blades
  4496 | D:5      | Reached skill level 5 in Shields
  4505 | D:5      | Reached XP level 7. HP: 44/60 MP: 6/6
  4610 | D:5      | Noticed Duvessa
  4610 | D:5      | Noticed Dowan
  4616 | D:5      | Killed Dowan
  4616 | D:5      | Reached * piety under Okawaru
  4616 | D:5      | Reached skill level 5 in Fighting
  4616 | D:5      | Reached skill level 1 in Stealth
  4620 | D:5      | Killed Duvessa
  4842 | D:5      | Noticed Edmund
  4847 | D:5      | Killed Edmund
  4847 | D:5      | Reached skill level 7 in Long Blades
  4913 | D:5      | Found a shadowy altar of Dithmenos.
  4914 | D:5      | Found a stormy altar of Qazlal.
  4915 | D:5      | Found an opulent altar of Gozag.
  5019 | D:5      | Reached XP level 8. HP: 52/69 MP: 7/7
  5104 | D:5      | Found a hazy altar of Hepliaklqana.
  5240 | D:6      | Noticed Menkaure
  5247 | D:6      | Killed Menkaure
  5247 | D:6      | Reached ** piety under Okawaru
  5247 | D:6      | Reached skill level 8 in Long Blades
  5766 | D:6      | Noticed Pikel
  5794 | D:6      | Killed Pikel
  5794 | D:6      | Reached *** piety under Okawaru
  5794 | D:6      | Reached skill level 9 in Long Blades
  6109 | D:6      | Reached XP level 9. HP: 50/75 MP: 8/8
  6560 | D:6      | Noticed Prince Ribbit
  6568 | D:6      | Killed Blork the orc
  6611 | D:6      | Reached skill level 10 in Long Blades
  8076 | D:8      | Reached **** piety under Okawaru
  8304 | D:8      | Found a shimmering altar of Xom.
  8313 | D:8      | Found a runed translucent gate.
  8313 | D:8      | Noticed an 11-headed hydra
  8314 | D:8      | Found a runed translucent gate.
  8314 | D:8      | Found a runed translucent gate.
  8350 | D:8      | Reached skill level 11 in Long Blades
  8732 | D:8      | Noticed flt's ghost (novice OgHu)
  8983 | D:9      | Reached XP level 10. HP: 82/86 MP: 9/9
  9475 | D:9      | Found a sparkling altar of Nemelex Xobeh.
  9477 | D:9      | Got a crystal quarterstaff
  9725 | D:10     | Entered Level 10 of the Dungeon
  9791 | D:10     | Identified a scroll of acquirement
  9808 | D:10     | Noticed a centaur warrior
  9820 | D:10     | Killed a centaur warrior
  9820 | D:10     | Reached ***** piety under Okawaru
  9880 | D:10     | Received a gift from Okawaru
  9902 | D:10     | Found a flagged portal.
  9911 | Bailey   | Entered a bailey
  9927 | Bailey   | Reached skill level 12 in Long Blades
 10565 | Bailey   | Acquired 990 gold pieces
 10567 | Bailey   | Acquired 1750 gold pieces
 10676 | Bailey   | Noticed an orc knight
 10701 | Bailey   | Reached skill level 1 in Invocations
 10705 | Bailey   | Noticed an orc knight
 10716 | Bailey   | Killed an orc knight
 10719 | Bailey   | Slain by an orc warrior

Illustrated notes

Levels and vault maps discovered:
D:1:      dpeg_arrival_another_circle, layout_basic
D:2:      layout_basic, old_standard_altar
D:3:      layout_loops_corners, nicolae_overflow_hidden_temple, serial_glass,
          glass_columns_b, glass_columns_a, uniq_natasha
D:4:      layout_loops_ring, first_ration
D:5:      layout_gridville, kennysheep_mini,
          chequers_temple_overflow_statue_of_worship,
          nicolae_overflow_crystal_walls, minmay_temple_entry_proselytizer,
          uniq_duvessa, uniq_edmund
D:6:      layout_basic, uniq_menkaure, uniq_prince_ribbit1, uniq_blork_the_orc,
          uniq_pikel, uniq_sigmund
D:7:      layout_loops_ring
D:8:      layout_basic, overflow_temple_1_default, gammafunk_ghost_hydra_chop,
          hangedman_pestilent_swarm
D:9:      layout_rooms, nemelex_xobeh_ov_fountains_minmay,
          kennysheep_generic_room_11
D:10:     layout_long_grid, enter_bailey_8, grunt_gozag_breadcrumbs,
          uniq_erolcha
Bailey:   bailey_polearm_5, bailey

Skill      XL: |  1  2  3  4  5  6  7  8  9 10 |
---------------+-------------------------------+-----
Long Blades    | 3 4 5 6 7 9 11 12 | 12.1
Shields        | 4 5 6 7 8 9 |  9.7
Fighting       | 4 5 6 7 8 |  8.7
Armour         | 4 5 6 7 9 |  9.2
Dodging        | 1 2 3 |  3.2
Stealth        | 1 |  1.6
Invocations    | 1 |  1.3

Action                   |  1- 3 |  4- 6 |  7- 9 | 10-12 || total
-------------------------+-------+-------+-------+-------++-------
Melee: Long sword        |    90 |   163 |   220 |       ||   473
       Headbutt          |    10 |    27 |    87 |    33 ||   157
       Falchion          |       |       |   175 |   176 ||   351
Invok: Heroism           |       |       |       |     3 ||     3
       Finesse           |       |       |       |     1 ||     1
  Use: Potion            |       |     4 |     1 |     3 ||     8
       Scroll            |       |     2 |     3 |     7 ||    12
  Eat: Chunk             |     3 |     8 |    12 |     3 ||    26
       Ration            |       |       |     1 |     1 ||     2
Armor: Scale mail        |    35 |     6 |       |       ||    41
       Chain mail        |       |    45 |   115 |    63 ||   223
       Plate armour      |       |       |       |     6 ||     6
Dodge: Dodged            |    29 |    33 |   102 |    84 ||   248
Block: Kite shield       |    59 |    95 |   202 |   124 ||   480
       Rpst.: Long sword |     8 |     6 |    26 |       ||    40
       Falchion          |       |       |    13 |     7 ||    20
